 Dungeon Crawl Stone Soup version 0.31-a0-369-g8eba5f6939 (webtiles) character file.

Game seed: 1388320819045065171

7 shadowstone the Conjurer (level 1, 10/10 (17) HPs)
             Began as a Draconian Reaver on July 28, 2023.
             Was a Follower of Zin.
             Quit the game on level 1 of the Dungeon.
             The game lasted 00:02:24 (317 turns).

shadowstone the Conjurer (Draconian Reaver)          Turns: 317, Time: 00:02:25

HP:   10/10 (17)    AC:  4    Str: 14    XL:     1   Next: 83%
MP:   3/3           EV: 12    Int: 13    God:    Zin [*.....]
Gold: 35            SH:  0    Dex:  9    Spells: 3/4 levels left

rFire   + . .        a - +0 falchion
rCold   x . .        (no shield)
rNeg    . . .        (body armour unavailable)
rPois   .            (helmet restricted)
rElec   .            (no cloak)
rCorr   .            (no gloves)
SInv    .            (no boots)
Will    .....        (no amulet)
Stlth   +            c - ring of fire
HPRegen 0.21/turn    (no ring)
MPRegen 0.08/turn

%: no passive effects
@: very heavily drained
A: AC +4, unfitting armour, cold-blooded
a: Renounce Religion, Recite, Donate Gold


You were on level 1 of the Dungeon.
You worshipped Zin.
Zin was aware of your devotion.
You visited 1 branch of the dungeon, and saw 1 of its levels.

You collected 38 gold pieces.
You donated 3 gold pieces to Zin.

Inventory:

Hand Weapons
 a - a +0 falchion (weapon)
Missiles
 b - 3 boomerangs
Jewellery
 c - a ring of fire (left hand)
Scrolls
 d - a scroll of identify {unknown}
 f - a scroll of enchant weapon {unknown}
Potions
 e - a potion of lignification {unknown}


   Skills:
 + Level 2.3 Fighting
 + Level 3.1 Long Blades
 + Level 1.8 Dodging
 + Level 2.0 Spellcasting
 + Level 3.1 Conjurations


You had 3 spell levels left.
You knew the following spells:

 Your Spells              Type           Power      Damage    Failure   Level
a - Kiss of Death         Conj/Necr      20%        2d7       13%         1

Your spell library contained the following spells:

 Spells                   Type           Power      Damage    Failure   Level
 Momentum Strike          Conj/Tloc      10%        3d8       21%         2
 Hailstorm                Conj/Ice       5%         3d4       36%         3


Dungeon Overview and Level Annotations

Branches:
Dungeon (1/15)

Altars:
Zin


Innate Abilities, Weirdness & Mutations

Your plain brown scales are hard. (AC +4)
You cannot fit into any form of body armour.
You are cold-blooded and may be slowed by cold attacks.


Message History

This altar belongs to (a) Zin, (b) Yredelemnul or (c) Sif Muna, but you can't tell which.
Press the corresponding letter to learn more about a god, or press enter to convert or escape to cancel.
Zin accepts your prayer! Zin welcomes you!
You pay a tithe of 2 gold.
You can now donate money to Zin.
You can now recite Zin's Axioms of Law.
Unknown command.
Press < or > to pray at altars.
You offer a prayer to Zin.
You offer a prayer to Zin.
You open the door.
There is an open door here.
Found 13 gold pieces.
Found a stone staircase leading down.
You pay a tithe of 1 gold.
You now have 35 gold pieces (gained 12).
A quokka comes into view.
The quokka bites you. The quokka barely misses you.
You hit the quokka.
The quokka is moderately wounded.
The quokka closely misses you.
You hit the quokka.
Your tail-slap misses the quokka.
The quokka is almost dead.
The quokka bites you.
You closely miss the quokka.
The quokka is almost dead.
The quokka bites you but does no damage.
The quokka closely misses you.
You closely miss the quokka.
Your tail-slap misses the quokka.
The quokka is almost dead.
The quokka barely misses you.
You closely miss the quokka. You tail-slap the quokka.
You kill the quokka!
A rat comes into view.
Found 3 gold pieces.
A bat and a kobold come into view.
The kobold shouts!
The rat twitches its whiskers.
There is a stone staircase leading down here.
Are you sure you want to abandon this character and quit the game? (Confirm with "yes".)

#.... ...#####
#####.... .$.
..###........ ..#
#.##..###....
######.###.##.## #####
#....#.##.....########
#....r.#..............
#........#############
#....@................
#....#####.###.#...###
#.... ... .. . #..b.
##.# # #...K # #....
#.... ####.


You could see a bat, a kobold and a rat.

Vanquished Creatures
  2 goblins (D:1)
  A hobgoblin (D:1)
  A quokka (D:1)
  A frilled lizard (D:1)
  A kobold (D:1)
6 creatures vanquished.

Notes
Turn   | Place    | Note
-------+----------+-------------------------------------------
     0 | D:1      | shadowstone the Draconian Reaver began the quest for the
                  | Orb.
     0 | D:1      | Reached XP level 1. HP: 17/17 MP: 3/3
   169 | D:1      | Found a faded altar of an unknown god.
   236 | D:1      | Prayed at the altar of an unknown god.
   236 | D:1      | Became a worshipper of Zin the Law-Giver
   236 | D:1      | Reached * piety under Zin
   317 | D:1      | Quit the game

Illustrated notes

Levels and vault maps discovered:
D:1:      scummos_arrival_forest, layout_basic, basic_ecumenical_altar

Action                     || total
---------------------------++-------
  Melee: Falchion          ||     9
         Tailslap          ||     1
   Cast: Kiss of Death     ||     3
 Armour: Skin              ||     4
  Dodge: Dodged            ||     5

Table legend: (Time is in decaauts)
 A = Elapsed time spent in this place.
 B = Non-inter-level travel time spent in this place.
 C = Inter-level travel time spent in this place.
 D = Time resting spent in this place.
 E = Time spent auto-exploring this place.
 F = Levels seen in this place.
 G = Mean time per level.
                   A        B        C        D        E       F      G
               +--------+--------+--------+--------+--------+-----+--------+
         Total |    317 |    317 |      0 |     25 |     47 |   1 |  317.0 |
       Dungeon |    317 |    317 |      0 |     25 |     47 |   1 |  317.0 |
               +--------+--------+--------+--------+--------+-----+--------+

Top non-repeatable levels by time:
     D:1: 317 daAuts
